 Dungeon Crawl Stone Soup version 0.26-a0-667-g92642533e4 (webtiles) character file.

Game seed: 3992413291678230372

2 Ijustatesigmund the Sneak (level 1, 0/11 HPs)
             Began as a Spriggan Wanderer on Oct 16, 2020.
             Slain by a leopard gecko (4 damage)
             ... on level 1 of the Dungeon.
             The game lasted 00:00:43 (109 turns).

Ijustatesigmund the Sneak (Spriggan Wanderer)        Turns: 109, Time: 00:00:43

Health: 0/11       AC:  2    Str:  8    XL:     1   Next: 25%
Magic:  2/2        EV: 15    Int: 13    God:
Gold:   0          SH:  0    Dex: 15    Spells: 0/0 levels left

rFire    . . .     SeeInvis +   a - +2 short sword
rCold    . . .     Faith    .   (shield restricted)
rNeg     . . .     Spirit   .   d - +0 robe
rPois    .         Reflect  .   (helmet restricted)
rElec    .         Harm     .   (no cloak)
rCorr    .         Rampage  .   (gloves unavailable)
MR       .....                  (boots unavailable)
Stlth    +++.......             (no amulet)
HPRegen  0.03/turn              (no ring)
MPRegen  0.08/turn              (no ring)

@: very quick
A: very small, unfitting armour, see invisible, speed 3
a: no special abilities


You were on level 1 of the Dungeon.
You visited 1 branch of the dungeon, and saw 1 of its levels.

Inventory:

Hand Weapons
 a - a +2 short sword (weapon)
Armour
 d - a +0 robe (worn)
Scrolls
 c - a scroll of random uselessness {unknown}
 e - a scroll of identify {unknown}
Potions
 b - a potion of curing


   Skills:
 + Level 2.4 Fighting
 + Level 2.2 Short Blades
   Level 1.0 Staves
 - Level 1.0 Throwing
 + Level 0.2 Dodging
 + Level 4.4 Stealth


You couldn't memorise any spells.
You didn't know any spells.
Your spell library was empty.

Dungeon Overview and Level Annotations

Branches:
Dungeon (1/15)

Altars:


Innate Abilities, Weirdness & Mutations

You are very small and have problems with some larger weapons.
You are too small for most types of armour.
You have supernaturally acute eyesight. (SInv)
You cover ground extremely quickly.


Message History

You are too injured to fight recklessly!
You are too injured to fight recklessly!
The bat closely misses you. The bat misses you. The bat barely misses you.
The bat completely misses you. The bat barely misses you.
The bat hits you but does no damage. The bat misses you.
The bat hits you but does no damage. The bat hits you.
You see here a bat corpse.
The bat hits you but does no damage. The bat barely misses you.
The bat barely misses you.
You hit the bat but do no damage. The bat hits you but does no damage. x2
The bat misses you. The bat completely misses you. The bat barely misses you.
The leopard gecko bites you.
You die...

###.........# #..
#....w....#############..
#...............##...#'..
#.........#####.#..)..#..
#.......†.....#.#...(.#.#
#..........##.#.#.....#.#
#.......b...# #.##...#'.#
#.......l...# #.######..#
########@#### #.#######.#
#.# #.........# #.#
########### #.# #.# #..
#.. #... #.#.


You could see a dart slug, a leopard gecko and a bat.

Vanquished Creatures
  A giant cockroach (D:1)
  A bat (D:1)
2 creatures vanquished.

Notes
Turn   | Place    | Note
-------+----------+-------------------------------------------
     0 | D:1      | Ijustatesigmund the Spriggan Wanderer began the quest for
                  | the Orb.
     0 | D:1      | Ijustatesigmund set off with the following items: a +2
                  | short sword, a potion of curing, a +0 quarterstaff, a +0
                  | robe, a +0 dagger
     0 | D:1      | Reached XP level 1. HP: 11/11 MP: 2/2
   109 | D:1      | Slain by a leopard gecko

Illustrated notes

Levels and vault maps discovered:
D:1:      noname_arrival_rooms_in_the_neighbourhood, layout_basic

Action                   || total
-------------------------++-------
Melee: Short sword       ||    13
 Stab: Sleeping          ||     1
Armor: Robe              ||    10
Dodge: Dodged            ||    25

Table legend: (Time is in decaauts)
 A = Elapsed time spent in this place.
 B = Non-inter-level travel time spent in this place.
 C = Inter-level travel time spent in this place.
 D = Time resting spent in this place.
 E = Time spent auto-exploring this place.
 F = Levels seen in this place.
 G = Mean time per level.
                   A        B        C        D        E       F      G
               +--------+--------+--------+--------+--------+-----+--------+
         Total |     74 |     74 |      0 |      0 |     36 |   1 |   74.0 |
       Dungeon |     74 |     74 |      0 |      0 |     36 |   1 |   74.0 |
               +--------+--------+--------+--------+--------+-----+--------+

Top non-repeatable levels by time:
     D:1: 74 daAuts
